Workbook

Sheet 法適用_病院事業
B2: 経営比較分析表（令和3年度決算）
B6: =データ!H6 -> 山形県白鷹町 白鷹町立病院
B7: 法適用区分 | AU7: 業種名・事業名 | CN7: 病院区分 | EG7: 類似区分 | FZ7: 管理者の情報 | ID7: 許可病床（一般） | JW7: 許可病床（療養） | LP7: 許可病床（結核） | NJ7: グラフ凡例
B8: =データ!K6 -> 条例全部 | AU8: =データ!L6 -> 病院事業 | CN8: =データ!M6 -> 一般病院 | EG8: =データ!N6 -> 50床以上～100床未満 | FZ8: =データ!O7 -> 自治体職員 | ID8: =データ!Z6 -> 60 | JW8: =データ!AA6 -> - | LP8: =データ!AB6 -> - | NJ8: ■ | NL8: 当該病院値（当該値）
B9: 経営形態 | AU9: 診療科数 | CN9: DPC対象病院 | EG9: 特殊診療機能 ※１ | FZ9: 指定病院の状況 ※２ | ID9: 許可病床（精神） | JW9: 許可病床（感染症） | LP9: 許可病床（合計） | NJ9: － | NL9: 類似病院平均値（平均値）
B10: =データ!P6 -> 直営 | AU10: =データ!Q6 -> 5 | CN10: =データ!R6 -> - | EG10: =データ!S6 -> ド 訓 | FZ10: =データ!T6 -> 救 | ID10: =データ!AC6 -> - | JW10: =データ!AD6 -> - | LP10: =データ!AE6 -> 60 | NJ10: 【】 | NL10: 令和3年度全国平均
B11: 人口（人） | AU11: 建物面積（㎡） | CN11: 不採算地区病院 | EG11: 不採算地区中核病院 | FZ11: 看護配置 | ID11: 最大使用病床（一般） | JW11: 最大使用病床（療養） | LP11: 最大使用病床（一般＋療養）
B12: =データ!U6 -> 13005 | AU12: =データ!V6 -> 5363 | CN12: =データ!W6 -> 第１種該当 | EG12: =データ!X6 -> - | FZ12: =データ!Y6 -> １０：１ | ID12: =データ!AF6 -> 56 | JW12: =データ!AG6 -> - | LP12: =データ!AH6 -> 56
B13: ※１ ド…人間ドック 透…人工透析 Ｉ…ＩＣＵ・ＣＣＵ 未…ＮＩＣＵ・未熟児室 訓…運動機能訓練室 ガ…ガン（放射線）診療
B14: ※２ 救…救急告示病院 臨…臨床研修病院 が…がん診療連携拠点病院 感…感染症指定医療機関 ヘ…へき地医療拠点病院 災…災害拠点病院 地…地域医療支援病院 特…特定機能病院 輪…病院群輪番制病院 | NJ14: 公立病院改革に係る主な取組（直近の実施時期）
F16: 1. 経営の健全性・効率性 | NJ16: 再編・ネットワーク化 | NO16: 地方独立行政法人化 | NT16: 指定管理者制度導入
NJ18: - | NM18: 年度 | NO18: - | NR18: 年度 | NT18: - | NW18: 年度 | OC18: -
OC19: 平成元
NJ20: Ⅰ 地域において担っている役割 | OC20: 平成2
OC21: 平成3
NJ22: 過疎地域である白鷹町内の唯一の病院として2次救急医療を提供し、また、町の保健・医療・介護・福祉の連携において「なくてはならない病院」として中心的役割を担ってきた。患者層は高齢者が多く、内科的医療中心の診療体制の維持が求められている。また、地域医療構想に基づいた2次医療圏内の基幹病院との連携及び役割分担の推進では、後方支援病院としての機能強化も求められている。 | OC22: 平成4
OC23: 平成5
OC24: 平成6
OC25: 平成7
OC26: 平成8
OC27: 平成9
OC28: 平成10
OC29: 平成11
OC30: 平成12
OC31: 平成13
P32: =データ!$B$11 -> H29 | AE32: =データ!$C$11 -> H30 | AT32: =データ!$D$11 -> R01 | BI32: =データ!$E$11 -> R02 | BX32: =データ!$F$11 -> R03 | DD32: =データ!$B$11 -> H29 | DS32: =データ!$C$11 -> H30 | EH32: =データ!$D$11 -> R01 | EW32: =データ!$E$11 -> R02 | FL32: =データ!$F$11 -> R03 | GR32: =データ!$B$11 -> H29 | HG32: =データ!$C$11 -> H30 | HV32: =データ!$D$11 -> R01 | IK32: =データ!$E$11 -> R02 | IZ32: =データ!$F$11 -> R03 | KF32: =データ!$B$11 -> H29 | KU32: =データ!$C$11 -> H30 | LJ32: =データ!$D$11 -> R01 | LY32: =データ!$E$11 -> R02 | MN32: =データ!$F$11 -> R03 | OC32: 平成14
G33: 当該値 | P33: =データ!AI7 -> 95.3 | AE33: =データ!AJ7 -> 96.9 | AT33: =データ!AK7 -> 91 | BI33: =データ!AL7 -> 92.4 | BX33: =データ!AM7 -> 101.4 | CU33: 当該値 | DD33: =データ!AT7 -> 78.1 | DS33: =データ!AU7 -> 79.4 | EH33: =データ!AV7 -> 73.9 | EW33: =データ!AW7 -> 69.4 | FL33: =データ!AX7 -> 72.7 | GI33: 当該値 | GR33: =データ!BE7 -> 32.6 | HG33: =データ!BF7 -> 36.3 | HV33: =データ!BG7 -> 52.1 | IK33: =データ!BH7 -> 65.1 | IZ33: =データ!BI7 -> 56.7 | JW33: 当該値 | KF33: =データ!BP7 -> 66.6 | KU33: =データ!BQ7 -> 68.3 | LJ33: =データ!BR7 -> 63.5 | LY33: =データ!BS7 -> 70.4 | MN33: =データ!BT7 -> 65.2 | OC33: 平成15
G34: 平均値 | P34: =データ!AN7 -> 98.2 | AE34: =データ!AO7 -> 97.5 | AT34: =データ!AP7 -> 97.7 | BI34: =データ!AQ7 -> 100.7 | BX34: =データ!AR7 -> 103.6 | CU34: 平均値 | DD34: =データ!AY7 -> 78.1 | DS34: =データ!AZ7 -> 77 | EH34: =データ!BA7 -> 77.1 | EW34: =データ!BB7 -> 73.8 | FL34: =データ!BC7 -> 75.5 | GI34: 平均値 | GR34: =データ!BJ7 -> 114.4 | HG34: =データ!BK7 -> 117 | HV34: =データ!BL7 -> 118.8 | IK34: =データ!BM7 -> 136 | IZ34: =データ!BN7 -> 131.3 | JW34: 平均値 | KF34: =データ!BU7 -> 67.9 | KU34: =データ!BV7 -> 66.9 | LJ34: =データ!BW7 -> 66.1 | LY34: =データ!BX7 -> 62.3 | MN34: =データ!BY7 -> 62.1 | OC34: 平成16
NJ35: Ⅱ 分析欄 | OC35: 平成17
OC36: 平成18
NJ37: 1. 経営の健全性・効率性について | OC37: 平成19
OC38: 平成20
NJ39: ①経常収支比率 新型コロナ感染拡大の状況が続いており、ワクチン接種に伴う収益やコロナ関連補助金の増加、一般会計繰出金の増加で、結果的には経常黒字となった。②医業収支比率 前年度コロナの影響で大きく減少したが、発熱外来の利用増等で若干持ち直したものの厳しい状況にある。③累積欠損金比率 類似病院より大きく下回っているが、赤字が年々増加傾向にある。④病床利用率 減少傾向、町の人口が減少していることが最大の要因となっている。⑤入院患者1人当たり収益 類似病院は増加しているが当院は減少傾向。⑥外来患者1人当たり収益 やはり全国平均と比較して低いが、収益は横ばいで推移している。⑦職員給与費対医業収益比率 わずかながら低下傾向、類似病院より低く抑えられている。⑧材料費対医業収益比率 波はあるが下降傾向、今後もロスをなくしていく。 | OC39: 平成21
OC40: 平成22
OC41: 平成23
OC42: 平成24
OC43: 平成25
OC44: 平成26
OC45: 平成27
OC46: 平成28
OC47: 平成29
OC48: 平成30
OC49: 平成31
OC50: 令和元
OC51: 令和2
NJ52: 2. 老朽化の状況について | OC52: 令和3
OC53: 令和4
P54: =データ!$B$11 -> H29 | AE54: =データ!$C$11 -> H30 | AT54: =データ!$D$11 -> R01 | BI54: =データ!$E$11 -> R02 | BX54: =データ!$F$11 -> R03 | DD54: =データ!$B$11 -> H29 | DS54: =データ!$C$11 -> H30 | EH54: =データ!$D$11 -> R01 | EW54: =データ!$E$11 -> R02 | FL54: =データ!$F$11 -> R03 | GR54: =データ!$B$11 -> H29 | HG54: =データ!$C$11 -> H30 | HV54: =データ!$D$11 -> R01 | IK54: =データ!$E$11 -> R02 | IZ54: =データ!$F$11 -> R03 | KF54: =データ!$B$11 -> H29 | KU54: =データ!$C$11 -> H30 | LJ54: =データ!$D$11 -> R01 | LY54: =データ!$E$11 -> R02 | MN54: =データ!$F$11 -> R03 | NJ54: ①有形固定資産減価償却率 全国平均や類似病院より低く、施設が比較的新しいと受け取れる。計画的な更新やメンテナンスにより適切に管理していく。②機械備品減価償却率 全国平均や類似病院より高いものの、適切なメンテナンスにより長期間使用することで経費を縮減できる。今後も適切な更新時期を見極め管理していく。③1床当たり有形固定資産 24年前に建設したため、他病院に比較して高額な状況にある。 | OC54: 令和5
G55: 当該値 | P55: =データ!CA7 -> 25930 | AE55: =データ!CB7 -> 26102 | AT55: =データ!CC7 -> 25458 | BI55: =データ!CD7 -> 24927 | BX55: =データ!CE7 -> 26149 | CU55: 当該値 | DD55: =データ!CL7 -> 7009 | DS55: =データ!CM7 -> 7015 | EH55: =データ!CN7 -> 6942 | EW55: =データ!CO7 -> 6812 | FL55: =データ!CP7 -> 7248 | GI55: 当該値 | GR55: =データ!CW7 -> 59.2 | HG55: =データ!CX7 -> 59.1 | HV55: =データ!CY7 -> 65.7 | IK55: =データ!CZ7 -> 71.9 | IZ55: =データ!DA7 -> 63.8 | JW55: 当該値 | KF55: =データ!DH7 -> 17.2 | KU55: =データ!DI7 -> 16.2 | LJ55: =データ!DJ7 -> 14.8 | LY55: =データ!DK7 -> 15 | MN55: =データ!DL7 -> 14.7
G56: 平均値 | P56: =データ!CF7 -> 25249 | AE56: =データ!CG7 -> 25711 | AT56: =データ!CH7 -> 26415 | BI56: =データ!CI7 -> 27227 | BX56: =データ!CJ7 -> 28176 | CU56: 平均値 | DD56: =データ!CQ7 -> 8852 | DS56: =データ!CR7 -> 9060 | EH56: =データ!CS7 -> 9135 | EW56: =データ!CT7 -> 9509 | FL56: =データ!CU7 -> 9548 | GI56: 平均値 | GR56: =データ!DB7 -> 70.3 | HG56: =データ!DC7 -> 71.1 | HV56: =データ!DD7 -> 72 | IK56: =データ!DE7 -> 77.7 | IZ56: =データ!DF7 -> 75.7 | JW56: 平均値 | KF56: =データ!DM7 -> 17 | KU56: =データ!DN7 -> 16.5 | LJ56: =データ!DO7 -> 16 | LY56: =データ!DP7 -> 15.7 | MN56: =データ!DQ7 -> 14.6
F62: 2. 老朽化の状況
NJ68: 全体総括
NJ70: 当院は公営企業法の全適や業務の委託化、電子カルテの導入など効率化に向けた取り組みは早い段階から実施してきた。一方で、町の少子高齢化の進行や人口の減少など取り巻く環境の変化、新型コロナの影響を受けながらも求められる医療に柔軟な対応を図っている。施設については、新病院建設から20年以上経過したことから施設保全計画を策定し、計画的に設備の更新を図るよう進めている。また、置賜公立病院を中心とした置賜管内をネットワークで結び医療情報を共有するシステムの活用や、遠隔画像診断システムの利用などによりさらなる効率化を図っている。
U78: =データ!$B$11 -> H29 | AN78: =データ!$C$11 -> H30 | BG78: =データ!$D$11 -> R01 | BZ78: =データ!$E$11 -> R02 | CS78: =データ!$F$11 -> R03 | EO78: =データ!$B$11 -> H29 | FH78: =データ!$C$11 -> H30 | GA78: =データ!$D$11 -> R01 | GT78: =データ!$E$11 -> R02 | HM78: =データ!$F$11 -> R03 | JJ78: =データ!$B$11 -> H29 | KC78: =データ!$C$11 -> H30 | KV78: =データ!$D$11 -> R01 | LO78: =データ!$E$11 -> R02 | MH78: =データ!$F$11 -> R03
J79: 当該値 | U79: =データ!DS7 -> 47.9 | AN79: =データ!DT7 -> 49.1 | BG79: =データ!DU7 -> 49.5 | BZ79: =データ!DV7 -> 51.5 | CS79: =データ!DW7 -> 53.5 | ED79: 当該値 | EO79: =データ!ED7 -> 77.1 | FH79: =データ!EE7 -> 77.5 | GA79: =データ!EF7 -> 77.9 | GT79: =データ!EG7 -> 79.6 | HM79: =データ!EH7 -> 81.4 | IY79: 当該値 | JJ79: =データ!EO7 -> 50567471 | KC79: =データ!EP7 -> 50581071 | KV79: =データ!EQ7 -> 52230043 | LO79: =データ!ER7 -> 61320200 | MH79: =データ!ES7 -> 61424983
J80: 平均値 | U80: =データ!DX7 -> 53.8 | AN80: =データ!DY7 -> 56.1 | BG80: =データ!DZ7 -> 56.4 | BZ80: =データ!EA7 -> 56.9 | CS80: =データ!EB7 -> 58.3 | ED80: 平均値 | EO80: =データ!EI7 -> 71 | FH80: =データ!EJ7 -> 73.2 | GA80: =データ!EK7 -> 73.4 | GT80: =データ!EL7 -> 72.5 | HM80: =データ!EM7 -> 72.3 | IY80: 平均値 | JJ80: =データ!ET7 -> 38480542 | KC80: =データ!EU7 -> 38744035 | KV80: =データ!EV7 -> 40117620 | LO80: =データ!EW7 -> 42330999 | MH80: =データ!EX7 -> 43068047
B85: ※ 「類似病院平均値（平均値）」については、病院区分及び類似区分に基づき算出している。
B89: ① | C89: ② | D89: ③ | E89: ④ | F89: ⑤ | G89: ⑥ | H89: ⑦ | I89: ⑧ | J89: ① | K89: ② | L89: ③
B90: =データ!AS6 -> 【106.2】 | C90: =データ!BD6 -> 【86.6】 | D90: =データ!BO6 -> 【70.7】 | E90: =データ!BZ6 -> 【67.1】 | F90: =データ!CK6 -> 【59,287】 | G90: =データ!CV6 -> 【17,202】 | H90: =データ!DG6 -> 【56.4】 | I90: =データ!DR6 -> 【24.8】 | J90: =データ!EC6 -> 【56.0】 | K90: =データ!EN6 -> 【70.7】 | L90: =データ!EY6 -> 【49,765,843】

Sheet データ
A1: 病院事業(法適) | AI1: 1 | AJ1: 1 | AK1: 1 | AL1: 1 | AM1: 1 | AN1: 1 | AO1: 1 | AP1: 1 | AQ1: 1 | AR1: 1 | AT1: 1 | AU1: 1 | AV1: 1 | AW1: 1 | AX1: 1 | AY1: 1 | AZ1: 1 | BA1: 1 | BB1: 1 | BC1: 1 | BE1: 1 | BF1: 1 | BG1: 1 | BH1: 1 | BI1: 1 | BJ1: 1 | BK1: 1 | BL1: 1 | BM1: 1 | BN1: 1 | BP1: 1 | BQ1: 1 | BR1: 1 | BS1: 1 | BT1: 1 | BU1: 1 | BV1: 1 | BW1: 1 | BX1: 1 | BY1: 1 | CA1: 1 | CB1: 1 | CC1: 1 | CD1: 1 | CE1: 1 | CF1: 1 | CG1: 1 | CH1: 1 | CI1: 1 | CJ1: 1 | CL1: 1 | CM1: 1 | CN1: 1 | CO1: 1 | CP1: 1 | CQ1: 1 | CR1: 1 | CS1: 1 | CT1: 1 | CU1: 1 | CW1: 1 | CX1: 1 | CY1: 1 | CZ1: 1 | DA1: 1 | DB1: 1 | DC1: 1 | DD1: 1 | DE1: 1 | DF1: 1 | DH1: 1 | DI1: 1 | DJ1: 1 | DK1: 1 | DL1: 1 | DM1: 1 | DN1: 1 | DO1: 1 | DP1: 1 | DQ1: 1 | DS1: 1 | DT1: 1 | DU1: 1 | DV1: 1 | DW1: 1 | DX1: 1 | DY1: 1 | DZ1: 1 | EA1: 1 | EB1: 1 | ED1: 1 | EE1: 1 | EF1: 1 | EG1: 1 | EH1: 1 | EI1: 1 | EJ1: 1 | EK1: 1 | EL1: 1 | EM1: 1 | EO1: 1 | EP1: 1 | EQ1: 1 | ER1: 1 | ES1: 1 | ET1: 1 | EU1: 1 | EV1: 1 | EW1: 1 | EX1: 1
A2: 項番 | B2: =COLUMN()-1 -> 1 | C2: =COLUMN()-1 -> 2 | D2: =COLUMN()-1 -> 3 | E2: =COLUMN()-1 -> 4 | F2: =COLUMN()-1 -> 5 | G2: =COLUMN()-1 -> 6 | H2: =COLUMN()-1 -> 7 | I2: =COLUMN()-1 -> 8 | ... EY2: =COLUMN()-1 -> 154
A3: 大項目 | B3: 年度 | C3: 団体コード | D3: 業務コード | E3: 業種コード | F3: 事業コード | G3: 施設コード | H3: 基本情報 | AI3: 1. 経営の健全性・効率性 | DS3: 2. 老朽化の状況
A4: 中項目 | AI4: ①経常収支比率(％) | AT4: ②医業収支比率(％) | BE4: ③累積欠損金比率(％) | BP4: ④病床利用率(％) | CA4: ⑤入院患者１人１日当たり収益(円) | CL4: ⑥外来患者１人１日当たり収益(円) | CW4: ⑦職員給与費対医業収益比率(％) | DH4: ⑧材料費対医業収益比率(％) | DS4: ①有形固定資産減価償却率(％) | ED4: ②機械備品減価償却率(％) | EO4: ③１床当たり有形固定資産(円)
A5: 小項目 | H5: 都道府県名称 | I5: 団体名称 | J5: 施設名称 | K5: 法適用区分 | L5: 業種名・事業名 | M5: 病院区分 | N5: 類似区分 | O5: 管理者の情報 | P5: 経営形態 | Q5: 診療科数 | R5: DPC対象病院 | S5: 特殊診療機能 | T5: 指定病院の状況 | U5: 人口（人） | V5: 建物面積（㎡） | W5: 不採算地区病院 | X5: 不採算地区中核病院 | Y5: 看護配置 | Z5: 許可病床（一般） | AA5: 許可病床（療養） | AB5: 許可病床（結核） | AC5: 許可病床（精神） | AD5: 許可病床（感染症） | AE5: 許可病床（合計） | AF5: 最大使用病床（一般） | AG5: 最大使用病床（療養） | AH5: 最大使用病床（一般＋療養） | AI5: 当該値(N-4) | AJ5: 当該値(N-3) | AK5: 当該値(N-2) | AL5: 当該値(N-1) | AM5: 当該値(N) | AN5: 平均値(N-4) | AO5: 平均値(N-3) | AP5: 平均値(N-2) | AQ5: 平均値(N-1) | AR5: 平均値(N) | AS5: 全国平均 | AT5: 当該値(N-4) | AU5: 当該値(N-3) | AV5: 当該値(N-2) | AW5: 当該値(N-1) | AX5: 当該値(N) | AY5: 平均値(N-4) | AZ5: 平均値(N-3) | BA5: 平均値(N-2) | BB5: 平均値(N-1) | BC5: 平均値(N) | BD5: 全国平均 | BE5: 当該値(N-4) | BF5: 当該値(N-3) | BG5: 当該値(N-2) | BH5: 当該値(N-1) | BI5: 当該値(N) | BJ5: 平均値(N-4) | BK5: 平均値(N-3) | BL5: 平均値(N-2) | BM5: 平均値(N-1) | BN5: 平均値(N) | BO5: 全国平均 | BP5: 当該値(N-4) | BQ5: 当該値(N-3) | BR5: 当該値(N-2) | BS5: 当該値(N-1) | BT5: 当該値(N) | BU5: 平均値(N-4) | BV5: 平均値(N-3) | BW5: 平均値(N-2) | BX5: 平均値(N-1) | BY5: 平均値(N) | BZ5: 全国平均 | CA5: 当該値(N-4) | CB5: 当該値(N-3) | CC5: 当該値(N-2) | CD5: 当該値(N-1) | CE5: 当該値(N) | CF5: 平均値(N-4) | CG5: 平均値(N-3) | CH5: 平均値(N-2) | CI5: 平均値(N-1) | CJ5: 平均値(N) | CK5: 全国平均 | CL5: 当該値(N-4) | CM5: 当該値(N-3) | CN5: 当該値(N-2) | CO5: 当該値(N-1) | CP5: 当該値(N) | CQ5: 平均値(N-4) | CR5: 平均値(N-3) | CS5: 平均値(N-2) | CT5: 平均値(N-1) | CU5: 平均値(N) | CV5: 全国平均 | CW5: 当該値(N-4) | CX5: 当該値(N-3) | CY5: 当該値(N-2) | CZ5: 当該値(N-1) | DA5: 当該値(N) | DB5: 平均値(N-4) | DC5: 平均値(N-3) | DD5: 平均値(N-2) | DE5: 平均値(N-1) | DF5: 平均値(N) | DG5: 全国平均 | DH5: 当該値(N-4) | DI5: 当該値(N-3) | DJ5: 当該値(N-2) | DK5: 当該値(N-1) | DL5: 当該値(N) | DM5: 平均値(N-4) | DN5: 平均値(N-3) | DO5: 平均値(N-2) | DP5: 平均値(N-1) | DQ5: 平均値(N) | DR5: 全国平均 | DS5: 当該値(N-4) | DT5: 当該値(N-3) | DU5: 当該値(N-2) | DV5: 当該値(N-1) | DW5: 当該値(N) | DX5: 平均値(N-4) | DY5: 平均値(N-3) | DZ5: 平均値(N-2) | EA5: 平均値(N-1) | EB5: 平均値(N) | EC5: 全国平均 | ED5: 当該値(N-4) | EE5: 当該値(N-3) | EF5: 当該値(N-2) | EG5: 当該値(N-1) | EH5: 当該値(N) | EI5: 平均値(N-4) | EJ5: 平均値(N-3) | EK5: 平均値(N-2) | EL5: 平均値(N-1) | EM5: 平均値(N) | EN5: 全国平均 | EO5: 当該値(N-4) | EP5: 当該値(N-3) | EQ5: 当該値(N-2) | ER5: 当該値(N-1) | ES5: 当該値(N) | ET5: 平均値(N-4) | EU5: 平均値(N-3) | EV5: 平均値(N-2) | EW5: 平均値(N-1) | EX5: 平均値(N) | EY5: 全国平均
A6: グラフ参照用 | B6: =B8 -> 2021 | C6: =C8 -> 64025 | D6: =D8 -> 46 | E6: =E8 -> 6 | F6: =F8 -> 0 | G6: =G8 -> 1 | H6: =IF(H8<>I8,H8,"")&IF(I8<>J8,I8,"")&" "&J8 -> 山形県白鷹町 白鷹町立病院 | K6: =K8 -> 条例全部 | L6: =L8 -> 病院事業 | M6: =M8 -> 一般病院 | N6: =N8 -> 50床以上～100床未満 | O6: =O8 -> 自治体職員 | P6: =P8 -> 直営 | Q6: =Q8 -> 5 | R6: =R8 -> - | ... AH6: =AH8 -> 56 | AI6: =IF(AI8="-",NA(),AI8) -> 95.3 | AJ6: =IF(AJ8="-",NA(),AJ8) -> 96.9 | AK6: =IF(AK8="-",NA(),AK8) -> 91 | AL6: =IF(AL8="-",NA(),AL8) -> 92.4 | AM6: =IF(AM8="-",NA(),AM8) -> 101.4 | AN6: =IF(AN8="-",NA(),AN8) -> 98.2 | AO6: =IF(AO8="-",NA(),AO8) -> 97.5 | AP6: =IF(AP8="-",NA(),AP8) -> 97.7 | ... AR6: =IF(AR8="-",NA(),AR8) -> 103.6 | AS6: =IF(AS8="-","【-】","【"&SUBSTITUTE(TEXT(AS8,"#,##0.0"),"-","△")&"】") -> 【106.2】 | AT6: =IF(AT8="-",NA(),AT8) -> 78.1 | AU6: =IF(AU8="-",NA(),AU8) -> 79.4 | AV6: =IF(AV8="-",NA(),AV8) -> 73.9 | AW6: =IF(AW8="-",NA(),AW8) -> 69.4 | AX6: =IF(AX8="-",NA(),AX8) -> 72.7 | AY6: =IF(AY8="-",NA(),AY8) -> 78.1 | AZ6: =IF(AZ8="-",NA(),AZ8) -> 77 | BA6: =IF(BA8="-",NA(),BA8) -> 77.1 | ... BC6: =IF(BC8="-",NA(),BC8) -> 75.5 | BD6: =IF(BD8="-","【-】","【"&SUBSTITUTE(TEXT(BD8,"#,##0.0"),"-","△")&"】") -> 【86.6】 | BE6: =IF(BE8="-",NA(),BE8) -> 32.6 | BF6: =IF(BF8="-",NA(),BF8) -> 36.3 | BG6: =IF(BG8="-",NA(),BG8) -> 52.1 | BH6: =IF(BH8="-",NA(),BH8) -> 65.1 | BI6: =IF(BI8="-",NA(),BI8) -> 56.7 | BJ6: =IF(BJ8="-",NA(),BJ8) -> 114.4 | BK6: =IF(BK8="-",NA(),BK8) -> 117 | BL6: =IF(BL8="-",NA(),BL8) -> 118.8 | ... BN6: =IF(BN8="-",NA(),BN8) -> 131.3 | BO6: =IF(BO8="-","【-】","【"&SUBSTITUTE(TEXT(BO8,"#,##0.0"),"-","△")&"】") -> 【70.7】 | BP6: =IF(BP8="-",NA(),BP8) -> 66.6 | BQ6: =IF(BQ8="-",NA(),BQ8) -> 68.3 | BR6: =IF(BR8="-",NA(),BR8) -> 63.5 | BS6: =IF(BS8="-",NA(),BS8) -> 70.4 | BT6: =IF(BT8="-",NA(),BT8) -> 65.2 | BU6: =IF(BU8="-",NA(),BU8) -> 67.9 | BV6: =IF(BV8="-",NA(),BV8) -> 66.9 | BW6: =IF(BW8="-",NA(),BW8) -> 66.1 | ... BY6: =IF(BY8="-",NA(),BY8) -> 62.1 | BZ6: =IF(BZ8="-","【-】","【"&SUBSTITUTE(TEXT(BZ8,"#,##0.0"),"-","△")&"】") -> 【67.1】 | CA6: =IF(CA8="-",NA(),CA8) -> 25930 | CB6: =IF(CB8="-",NA(),CB8) -> 26102 | CC6: =IF(CC8="-",NA(),CC8) -> 25458 | CD6: =IF(CD8="-",NA(),CD8) -> 24927 | CE6: =IF(CE8="-",NA(),CE8) -> 26149 | CF6: =IF(CF8="-",NA(),CF8) -> 25249 | CG6: =IF(CG8="-",NA(),CG8) -> 25711 | CH6: =IF(CH8="-",NA(),CH8) -> 26415 | ... CJ6: =IF(CJ8="-",NA(),CJ8) -> 28176 | CK6: =IF(CK8="-","【-】","【"&SUBSTITUTE(TEXT(CK8,"#,##0"),"-","△")&"】") -> 【59,287】 | CL6: =IF(CL8="-",NA(),CL8) -> 7009 | CM6: =IF(CM8="-",NA(),CM8) -> 7015 | CN6: =IF(CN8="-",NA(),CN8) -> 6942 | CO6: =IF(CO8="-",NA(),CO8) -> 6812 | CP6: =IF(CP8="-",NA(),CP8) -> 7248 | CQ6: =IF(CQ8="-",NA(),CQ8) -> 8852 | CR6: =IF(CR8="-",NA(),CR8) -> 9060 | CS6: =IF(CS8="-",NA(),CS8) -> 9135 | ... CU6: =IF(CU8="-",NA(),CU8) -> 9548 | CV6: =IF(CV8="-","【-】","【"&SUBSTITUTE(TEXT(CV8,"#,##0"),"-","△")&"】") -> 【17,202】 | CW6: =IF(CW8="-",NA(),CW8) -> 59.2 | CX6: =IF(CX8="-",NA(),CX8) -> 59.1 | CY6: =IF(CY8="-",NA(),CY8) -> 65.7 | CZ6: =IF(CZ8="-",NA(),CZ8) -> 71.9 | DA6: =IF(DA8="-",NA(),DA8) -> 63.8 | DB6: =IF(DB8="-",NA(),DB8) -> 70.3 | DC6: =IF(DC8="-",NA(),DC8) -> 71.1 | DD6: =IF(DD8="-",NA(),DD8) -> 72 | ... DF6: =IF(DF8="-",NA(),DF8) -> 75.7 | DG6: =IF(DG8="-","【-】","【"&SUBSTITUTE(TEXT(DG8,"#,##0.0"),"-","△")&"】") -> 【56.4】 | DH6: =IF(DH8="-",NA(),DH8) -> 17.2 | DI6: =IF(DI8="-",NA(),DI8) -> 16.2 | DJ6: =IF(DJ8="-",NA(),DJ8) -> 14.8 | DK6: =IF(DK8="-",NA(),DK8) -> 15 | DL6: =IF(DL8="-",NA(),DL8) -> 14.7 | DM6: =IF(DM8="-",NA(),DM8) -> 17 | DN6: =IF(DN8="-",NA(),DN8) -> 16.5 | DO6: =IF(DO8="-",NA(),DO8) -> 16 | ... DQ6: =IF(DQ8="-",NA(),DQ8) -> 14.6 | DR6: =IF(DR8="-","【-】","【"&SUBSTITUTE(TEXT(DR8,"#,##0.0"),"-","△")&"】") -> 【24.8】 | DS6: =IF(DS8="-",NA(),DS8) -> 47.9 | DT6: =IF(DT8="-",NA(),DT8) -> 49.1 | DU6: =IF(DU8="-",NA(),DU8) -> 49.5 | DV6: =IF(DV8="-",NA(),DV8) -> 51.5 | DW6: =IF(DW8="-",NA(),DW8) -> 53.5 | DX6: =IF(DX8="-",NA(),DX8) -> 53.8 | DY6: =IF(DY8="-",NA(),DY8) -> 56.1 | DZ6: =IF(DZ8="-",NA(),DZ8) -> 56.4 | ... EB6: =IF(EB8="-",NA(),EB8) -> 58.3 | EC6: =IF(EC8="-","【-】","【"&SUBSTITUTE(TEXT(EC8,"#,##0.0"),"-","△")&"】") -> 【56.0】 | ED6: =IF(ED8="-",NA(),ED8) -> 77.1 | EE6: =IF(EE8="-",NA(),EE8) -> 77.5 | EF6: =IF(EF8="-",NA(),EF8) -> 77.9 | EG6: =IF(EG8="-",NA(),EG8) -> 79.6 | EH6: =IF(EH8="-",NA(),EH8) -> 81.4 | EI6: =IF(EI8="-",NA(),EI8) -> 71 | EJ6: =IF(EJ8="-",NA(),EJ8) -> 73.2 | EK6: =IF(EK8="-",NA(),EK8) -> 73.4 | ... EM6: =IF(EM8="-",NA(),EM8) -> 72.3 | EN6: =IF(EN8="-","【-】","【"&SUBSTITUTE(TEXT(EN8,"#,##0.0"),"-","△")&"】") -> 【70.7】 | EO6: =IF(EO8="-",NA(),EO8) -> 50567471 | EP6: =IF(EP8="-",NA(),EP8) -> 50581071 | EQ6: =IF(EQ8="-",NA(),EQ8) -> 52230043 | ER6: =IF(ER8="-",NA(),ER8) -> 61320200 | ES6: =IF(ES8="-",NA(),ES8) -> 61424983 | ET6: =IF(ET8="-",NA(),ET8) -> 38480542 | EU6: =IF(EU8="-",NA(),EU8) -> 38744035 | EV6: =IF(EV8="-",NA(),EV8) -> 40117620 | ... EX6: =IF(EX8="-",NA(),EX8) -> 43068047 | EY6: =IF(EY8="-","【-】","【"&SUBSTITUTE(TEXT(EY8,"#,##0"),"-","△")&"】") -> 【49,765,843】
A7: 表参照用 | B7: =B8 -> 2021 | C7: =C8 -> 64025 | D7: =D8 -> 46 | E7: =E8 -> 6 | F7: =F8 -> 0 | G7: =G8 -> 1 | K7: =K8 -> 条例全部 | L7: =L8 -> 病院事業 | M7: =M8 -> 一般病院 | N7: =N8 -> 50床以上～100床未満 | O7: =O8 -> 自治体職員 | P7: =P8 -> 直営 | Q7: =Q8 -> 5 | R7: =R8 -> - | ... AR7: =AR8 -> 103.6 | AT7: =AT8 -> 78.1 | AU7: =AU8 -> 79.4 | AV7: =AV8 -> 73.9 | AW7: =AW8 -> 69.4 | AX7: =AX8 -> 72.7 | AY7: =AY8 -> 78.1 | AZ7: =AZ8 -> 77 | BA7: =BA8 -> 77.1 | ... BC7: =BC8 -> 75.5 | BE7: =BE8 -> 32.6 | BF7: =BF8 -> 36.3 | BG7: =BG8 -> 52.1 | BH7: =BH8 -> 65.1 | BI7: =BI8 -> 56.7 | BJ7: =BJ8 -> 114.4 | BK7: =BK8 -> 117 | BL7: =BL8 -> 118.8 | ... BN7: =BN8 -> 131.3 | BP7: =BP8 -> 66.6 | BQ7: =BQ8 -> 68.3 | BR7: =BR8 -> 63.5 | BS7: =BS8 -> 70.4 | BT7: =BT8 -> 65.2 | BU7: =BU8 -> 67.9 | BV7: =BV8 -> 66.9 | BW7: =BW8 -> 66.1 | ... BY7: =BY8 -> 62.1 | CA7: =CA8 -> 25930 | CB7: =CB8 -> 26102 | CC7: =CC8 -> 25458 | CD7: =CD8 -> 24927 | CE7: =CE8 -> 26149 | CF7: =CF8 -> 25249 | CG7: =CG8 -> 25711 | CH7: =CH8 -> 26415 | ... CJ7: =CJ8 -> 28176 | CL7: =CL8 -> 7009 | CM7: =CM8 -> 7015 | CN7: =CN8 -> 6942 | CO7: =CO8 -> 6812 | CP7: =CP8 -> 7248 | CQ7: =CQ8 -> 8852 | CR7: =CR8 -> 9060 | CS7: =CS8 -> 9135 | ... CU7: =CU8 -> 9548 | CW7: =CW8 -> 59.2 | CX7: =CX8 -> 59.1 | CY7: =CY8 -> 65.7 | CZ7: =CZ8 -> 71.9 | DA7: =DA8 -> 63.8 | DB7: =DB8 -> 70.3 | DC7: =DC8 -> 71.1 | DD7: =DD8 -> 72 | ... DF7: =DF8 -> 75.7 | DH7: =DH8 -> 17.2 | DI7: =DI8 -> 16.2 | DJ7: =DJ8 -> 14.8 | DK7: =DK8 -> 15 | DL7: =DL8 -> 14.7 | DM7: =DM8 -> 17 | DN7: =DN8 -> 16.5 | DO7: =DO8 -> 16 | ... DQ7: =DQ8 -> 14.6 | DS7: =DS8 -> 47.9 | DT7: =DT8 -> 49.1 | DU7: =DU8 -> 49.5 | DV7: =DV8 -> 51.5 | DW7: =DW8 -> 53.5 | DX7: =DX8 -> 53.8 | DY7: =DY8 -> 56.1 | DZ7: =DZ8 -> 56.4 | ... EB7: =EB8 -> 58.3 | ED7: =ED8 -> 77.1 | EE7: =EE8 -> 77.5 | EF7: =EF8 -> 77.9 | EG7: =EG8 -> 79.6 | EH7: =EH8 -> 81.4 | EI7: =EI8 -> 71 | EJ7: =EJ8 -> 73.2 | EK7: =EK8 -> 73.4 | ... EM7: =EM8 -> 72.3 | EO7: =EO8 -> 50567471 | EP7: =EP8 -> 50581071 | EQ7: =EQ8 -> 52230043 | ER7: =ER8 -> 61320200 | ES7: =ES8 -> 61424983 | ET7: =ET8 -> 38480542 | EU7: =EU8 -> 38744035 | EV7: =EV8 -> 40117620 | ... EX7: =EX8 -> 43068047
B8: 2021 | C8: 64025 | D8: 46 | E8: 6 | F8: 0 | G8: 1 | H8: 山形県 | I8: 白鷹町 | J8: 白鷹町立病院 | K8: 条例全部 | L8: 病院事業 | M8: 一般病院 | N8: 50床以上～100床未満 | O8: 自治体職員 | P8: 直営 | Q8: 5 | R8: - | S8: ド 訓 | T8: 救 | U8: 13005 | V8: 5363 | W8: 第１種該当 | X8: - | Y8: １０：１ | Z8: 60 | AA8: - | AB8: - | AC8: - | AD8: - | AE8: 60 | AF8: 56 | AG8: - | AH8: 56 | AI8: 95.3 | AJ8: 96.9 | AK8: 91 | AL8: 92.4 | AM8: 101.4 | AN8: 98.2 | AO8: 97.5 | AP8: 97.7 | AQ8: 100.7 | AR8: 103.6 | AS8: 106.2 | AT8: 78.1 | AU8: 79.4 | AV8: 73.9 | AW8: 69.4 | AX8: 72.7 | AY8: 78.1 | AZ8: 77 | BA8: 77.1 | BB8: 73.8 | BC8: 75.5 | BD8: 86.6 | BE8: 32.6 | BF8: 36.3 | BG8: 52.1 | BH8: 65.1 | BI8: 56.7 | BJ8: 114.4 | BK8: 117 | BL8: 118.8 | BM8: 136 | BN8: 131.3 | BO8: 70.7 | BP8: 66.6 | BQ8: 68.3 | BR8: 63.5 | BS8: 70.4 | BT8: 65.2 | BU8: 67.9 | BV8: 66.9 | BW8: 66.1 | BX8: 62.3 | BY8: 62.1 | BZ8: 67.1 | CA8: 25930 | CB8: 26102 | CC8: 25458 | CD8: 24927 | CE8: 26149 | CF8: 25249 | CG8: 25711 | CH8: 26415 | CI8: 27227 | CJ8: 28176 | CK8: 59287 | CL8: 7009 | CM8: 7015 | CN8: 6942 | CO8: 6812 | CP8: 7248 | CQ8: 8852 | CR8: 9060 | CS8: 9135 | CT8: 9509 | CU8: 9548 | CV8: 17202 | CW8: 59.2 | CX8: 59.1 | CY8: 65.7 | CZ8: 71.9 | DA8: 63.8 | DB8: 70.3 | DC8: 71.1 | DD8: 72 | DE8: 77.7 | DF8: 75.7 | DG8: 56.4 | DH8: 17.2 | DI8: 16.2 | DJ8: 14.8 | DK8: 15 | DL8: 14.7 | DM8: 17 | DN8: 16.5 | DO8: 16 | DP8: 15.7 | DQ8: 14.6 | DR8: 24.8 | DS8: 47.9 | DT8: 49.1 | DU8: 49.5 | DV8: 51.5 | DW8: 53.5 | DX8: 53.8 | DY8: 56.1 | DZ8: 56.4 | EA8: 56.9 | EB8: 58.3 | EC8: 56 | ED8: 77.1 | EE8: 77.5 | EF8: 77.9 | EG8: 79.6 | EH8: 81.4 | EI8: 71 | EJ8: 73.2 | EK8: 73.4 | EL8: 72.5 | EM8: 72.3 | EN8: 70.7 | EO8: 50567471 | EP8: 50581071 | EQ8: 52230043 | ER8: 61320200 | ES8: 61424983 | ET8: 38480542 | EU8: 38744035 | EV8: 40117620 | EW8: 42330999 | EX8: 43068047 | EY8: 49765843
B10: Ｎ－４年度 | C10: Ｎ－３年度 | D10: Ｎ－２年度 | E10: Ｎ－１年度 | F10: Ｎ年度
A11: 年度 | B11: =IF(VALUE($B$6)=0,"",IF(VALUE($B$6)>2022,"R"&TEXT(VALUE($B$6)-2022,"00"),"H"&VALUE($B$6)-1992)) -> H29 | C11: =IF(VALUE($B$6)=0,"",IF(VALUE($B$6)>2021,"R"&TEXT(VALUE($B$6)-2021,"00"),"H"&VALUE($B$6)-1991)) -> H30 | D11: =IF(VALUE($B$6)=0,"",IF(VALUE($B$6)>2020,"R"&TEXT(VALUE($B$6)-2020,"00"),"H"&VALUE($B$6)-1990)) -> R01 | E11: =IF(VALUE($B$6)=0,"",IF(VALUE($B$6)>2019,"R"&TEXT(VALUE($B$6)-2019,"00"),"H"&VALUE($B$6)-1989)) -> R02 | F11: =IF(VALUE($B$6)=0,"",IF(VALUE($B$6)>2018,"R"&TEXT(VALUE($B$6)-2018,"00"),"H"&VALUE($B$6)-1988)) -> R03
